 Dungeon Crawl Stone Soup version 0.16.0-18-g484a79e (webtiles) character file.

196 sugabear the Shield-Bearer (level 5, -2/33 HPs)
             Began as a Gargoyle Fighter on Mar 22, 2015.
             Slain by an ogre
             ... wielding a +0 giant club
              (11 damage)
             ... on level 4 of the Dungeon.
             The game lasted 00:03:03 (2031 turns).

sugabear the Shield-Bearer (Gargoyle Fighter)       Turns: 2031, Time: 00:03:03

Health: -2/33      AC: 11    Str: 20    XL:     5   Next: 74%
Magic:  5/5        EV:  8    Int:  9    God:
Gold:   153        SH:  9    Dex:  9    Spells: 0 memorised, 4 levels left

rFire  . . .     SeeInvis .     a - +0 war axe
rCold  . . .     Clarity  .     b - +0 scale mail
rNeg   + . .     SustAb   .     c - +0 shield
rPois  ∞         Gourm    .     (no helmet)
rElec  +         Spirit   .     (no cloak)
rCorr  .         Warding  .     (no gloves)
rMut   .         Stasis   .     (no boots)
MR     .....                    (no amulet)
Stlth  ..........               (no ring)
                                (no ring)

@: not resistant to hostile enchantments, extremely unstealthy
A: negative energy resistance 1, electricity resistance, unbreathing,
petrification resistance, rot immunity, AC +4
a: no special abilities


You were on level 4 of the Dungeon.
You were not hungry.

You visited 1 branch of the dungeon, and saw 4 of its levels.

You collected 153 gold pieces.

Inventory:

Hand weapons
 a - a +0 war axe (weapon)
Armour
 b - a +0 scale mail (worn)
 c - a +0 shield (worn)
 s - a +0 cloak
Jewellery
 f - an uncursed amulet of rage {unknown}
 o - an uncursed amulet of resist mutation {unknown}
 p - an uncursed ring of protection from cold {unknown}
Scrolls
 g - 3 scrolls of remove curse {unknown}
 h - 3 scrolls of identify {unknown}
 k - a scroll of amnesia {unknown}
 m - a scroll of immolation {unknown}
 q - a scroll of enchant weapon {unknown}
 r - a scroll of fear {unknown}
 w - a scroll of noise {unknown}
Potions
 e - 2 potions of might
 i - 2 potions of haste {unknown}
 l - 2 potions of curing {unknown}
 u - a potion of agility {unknown}
 v - a potion of restore abilities {unknown}
Comestibles
 d - a bread ration
 j - 3 meat rations
 n - 4 chunks of flesh
 t - 5 fruits


   Skills:
 + Level 4.2 Fighting
 + Level 2.5 Axes
 + Level 4.1 Armour
 + Level 1.6 Dodging
 + Level 0.5 Stealth
 + Level 4.4 Shields


You had 4 spell levels left.
You didn't know any spells.

Dungeon Overview and Level Annotations

Branches:
Dungeon (4/15)
 Temple: D:4-7

Altars:
Vehumet


Innate Abilities, Weirdness & Mutations

You are resistant to torment.
You are immune to poison.
Your stone body is very resilient (AC +4).
You resist negative energy.
You are resistant to electric shocks.
You can survive without breathing.
You are immune to petrification.
You are immune to rotting.


Message History

A hobgoblin comes into view. It is wielding a club.
The hobgoblin shouts!
You slash the ogre!
The ogre is moderately wounded.
The ogre hits you with a giant club.
You closely miss the ogre.
The ogre is moderately wounded.
The ogre closely misses you.
You closely miss the ogre.
The ogre is moderately wounded.
The ogre hits you with a giant club!
Ouch! That really hurt!
* * * LOW HITPOINT WARNING * * *
You are too injured to fight recklessly!
You are too injured to fight recklessly!
You are too injured to fight recklessly!
You see here a rat corpse.
There is a stone staircase leading up here.
The ogre hits you with a giant club!
You die...

#............## ##.......#
#............# ##......#
#............## #.......#
#.....).......####..##...#
#...................##...#
.....................##...##
#...........)....##.[##....#
##..............>.##..##†..#
#.........@Og.....#........
#.................#.......
...................###...
...............(... ....
................... ....
................ ...
.............. ...
............ ... ...... .


You could see an ogre and a hobgoblin.

Vanquished Creatures
  A hound (D:4)
  A worker ant (D:3)
  An adder (D:2)
  5 gnolls
  2 giant mites
  2 worms (D:2)
  A giant gecko (D:1)
  An ooze (D:3)
  3 orcs
  10 bats
  A bat skeleton (D:3)
  4 giant cockroaches
  5 goblins
  3 hobgoblins
  5 jackals
  5 kobolds
  3 giant newts
  5 rats
58 creatures vanquished.

Notes
Turn   | Place    | Note
--------------------------------------------------------------
     0 | D:1      | sugabear, the Gargoyle Fighter, began the quest for the Orb.
     0 | D:1      | Reached XP level 1. HP: 14/14 MP: 1/1
   256 | D:1      | Reached XP level 2. HP: 12/19 MP: 2/2
   325 | D:1      | Reached XP level 3. HP: 15/24 MP: 3/3
   487 | D:1      | Reached skill level 4 in Fighting
   943 | D:2      | Reached XP level 4. HP: 21/29 MP: 4/4
  1025 | D:2      | Reached skill level 1 in Dodging
  1401 | D:3      | Found a radiant altar of Vehumet.
  1578 | D:3      | Reached XP level 5. HP: 31/33 MP: 5/5
  2007 | D:4      | Noticed an ogre
  2031 | D:4      | Slain by an ogre

Action                   |  1- 3 |  4- 6 || total
-------------------------+-------+-------++-------
Melee: War axe           |   106 |   109 ||   215
  Eat: Chunk             |       |     4 ||     4
